 Dungeon Crawl Stone Soup version 0.28-a0-1435-g82390b3a13 (webtiles) character file.

Game seed: 8907230313130651111

100 Shayle the Grasshopper (level 4, 0/57 HPs)
             Began as a Gnoll Warper on Jan 9, 2022.
             Slain by an orc wizard (2 damage)
             ... on level 3 of the Dungeon.
             The game lasted 00:04:26 (3127 turns).

Shayle the Grasshopper (Gnoll Warper)               Turns: 3127, Time: 00:04:28

Health: 0/57       AC:  3    Str: 13    XL:     4   Next: 73%
Magic:  11/11      EV: 12    Int: 14    God:
Gold:   117        SH:  0    Dex:  9    Spells: 13/13 levels left

rFire   . . .      SeeInvis .   f - +1 short sword (venom)
rCold   . . .      Faith    .   (no shield)
rNeg    . . .      Spirit   .   a - +0 leather armour
rPois   .          Reflect  .   (no helmet)
rElec   .          Harm     .   (no cloak)
rCorr   .          Rampage  .   (no gloves)
Will    +....                   (no boots)
Stlth   ..........              (no amulet)
HPRegen 0.19/turn               (no ring)
MPRegen 0.12/turn               (no ring)

@: brilliant, berserking, very quick
A: fangs 1, strong nose, distributed training, clumsy 1, strong-willed 1, strong
1
a: no special abilities


You were on level 3 of the Dungeon.
You visited 1 branch of the dungeon, and saw 3 of its levels.

You collected 117 gold pieces.

Inventory:

Hand Weapons
 f - a +1 short sword of venom (weapon)
Missiles
 c - 5 boomerangs of dispersal (quivered)
 n - 3 boomerangs
Armour
 a - a +0 leather armour (worn)
Scrolls
 b - a scroll of blinking
 d - a scroll of summoning {unknown}
 e - a scroll of teleportation {unknown}
 g - 4 scrolls of identify {unknown}
 h - a scroll of noise {unknown}
 i - a scroll of immolation {unknown}
 j - a scroll of vulnerability {unknown}
 k - a scroll of enchant armour {unknown}
 m - a scroll of magic mapping {unknown}


   Skills:
 + Level 4.7 Fighting
 + Level 1.2 Short Blades
 + Level 1.2 Long Blades
 + Level 1.2 Axes
 + Level 1.2 Maces & Flails
 + Level 1.2 Polearms
 + Level 1.2 Staves
 + Level 1.2 Slings
 + Level 1.2 Bows
 + Level 1.2 Crossbows
 + Level 2.8 Throwing
 + Level 2.8 Armour
 + Level 4.7 Dodging
 + Level 1.2 Stealth
 + Level 1.2 Shields
 + Level 4.7 Unarmed Combat
 + Level 5.1 Spellcasting
 + Level 1.0 Conjurations
 + Level 1.0 Hexes
 + Level 1.0 Summonings
 + Level 1.0 Necromancy
 + Level 5.5 Translocations
 + Level 1.0 Transmutations
 + Level 1.0 Fire Magic
 + Level 1.0 Ice Magic
 + Level 1.0 Air Magic
 + Level 1.0 Earth Magic
 + Level 1.0 Poison Magic
 + Level 1.3 Invocations
 + Level 1.2 Evocations


You had 13 spell levels left.
You didn't know any spells.
Your spell library contained the following spells:

 Spells                   Type           Power      Damage    Failure   Level
 Blink                    Tloc           56%        N/A       3%          2
 Gell's Gravitas          Tloc           28%        N/A       7%          3
 Lesser Beckoning         Tloc           28%        N/A       7%          3
 Teleport Other           Tloc           28%        N/A       7%          3
 Manifold Assault         Tloc           28%        N/A       54%         5


Dungeon Overview and Level Annotations

Branches:
Dungeon (3/15)

Altars:

Annotations:
D:2 1 runed translucent door, Crazy Yiuf


Innate Abilities, Weirdness & Mutations

You have very sharp teeth.
Your uncanny sense of smell can sniff out nearby items.
Your experience applies equally to all skills.
You are clumsy. (Dex -2)
You are strong-willed. (Will+)
Your muscles are strong. (Str +2)


Message History

The orc barely misses you.
Unknown command.
You hit the orc.
You kill the orc!
The goblin hits you with a +0 club.
You barely miss the goblin. The goblin hits you with a +0 club.
Unknown command.
You closely miss the goblin. Your punch misses the goblin.
The goblin closely misses you.
You hit the goblin.
You kill the goblin!
Unknown command.
You miss something. Your bite misses something.
You hear some strange, mumbled words.
Something tries to affect you, but you resist.
You closely miss something. You punch something.
The orc hits you but does no damage. Something hits you.
* * * LOW HITPOINT WARNING * * *
Unknown command.
You hit something. The orc hits you but does no damage.
Something hits you but does no damage.
You miss something. The orc hits you but does no damage.
Something hits you but does no damage.
Unknown command.
You barely miss something.
The orc hits you from afar with a +0 trident.
* * * LOW HITPOINT WARNING * * *
You hear some strange, mumbled words.
A magic dart appears from out of thin air!
The magic dart hits you.
* * * LOW HITPOINT WARNING * * *
It was a potion of brilliance.
You feel clever all of a sudden. The orc misses you. Something hits you.
* * * LOW HITPOINT WARNING * * *
It was a potion of berserk rage.
A red film seems to cover your vision as you go berserk!
You feel yourself moving faster!
You feel mighty! The orc misses you. Something hits you.
You die...

####.##.# #.†.....#
#.##....# #.#####.# #
####..####.######.#
#.................#
#.##.###.####.#......#
.........# #.#.#
#.##.##..####<#@#
.....##..##.#.#{#
...........#..#o#
#.#####...###.#.#
#....## ##..###.
#.#...###..........
#.#..#.........og.o
#.#..#...##.###....
#.#.......... .##


You could see an orc.

Vanquished Creatures
  2 adders
  3 worms
  11 orcs (D:3)
  8 ball pythons
  2 endoplasms
  3 giant cockroaches
  4 goblins (D:3)
  5 hobgoblins
  2 jackals (D:1)
  4 bats
  2 frilled lizards
  9 kobolds
  A rat (D:1)
56 creatures vanquished.

Notes
Turn   | Place    | Note
-------+----------+-------------------------------------------
     0 | D:1      | Shayle the Gnoll Warper began the quest for the Orb.
     0 | D:1      | Reached XP level 1. HP: 20/20 MP: 6/6
   333 | D:1      | Reached XP level 2. HP: 26/26 MP: 7/7
   494 | D:1      | Gained mutation: You are strong-willed. (Will+) [potion of
                  | mutation]
   494 | D:1      | Gained mutation: You are clumsy. (Dex -2) [potion of
                  | mutation]
   494 | D:1      | Gained mutation: Your muscles are strong. (Str +2) [potion
                  | of mutation]
  1456 | D:2      | Reached XP level 3. HP: 26/31 MP: 9/9
  1472 | D:2      | Reached skill level 5 in Spellcasting
  1722 | D:2      | Reached skill level 1 in Invocations
  2045 | D:2      | Found a runed translucent door.
  2046 | D:2      | Noticed Crazy Yiuf
  2440 | D:3      | Reached skill level 1 in Short Blades
  2440 | D:3      | Reached skill level 1 in Long Blades
  2440 | D:3      | Reached skill level 1 in Axes
  2440 | D:3      | Reached skill level 1 in Maces & Flails
  2440 | D:3      | Reached skill level 1 in Polearms
  2440 | D:3      | Reached skill level 1 in Staves
  2440 | D:3      | Reached skill level 1 in Slings
  2440 | D:3      | Reached skill level 1 in Bows
  2440 | D:3      | Reached skill level 1 in Crossbows
  2440 | D:3      | Reached skill level 1 in Stealth
  2440 | D:3      | Reached skill level 1 in Shields
  2440 | D:3      | Reached skill level 1 in Evocations
  2498 | D:3      | Reached XP level 4. HP: 21/38 MP: 11/11
  2967 | D:3      | Reached skill level 1 in Conjurations
  2967 | D:3      | Reached skill level 1 in Hexes
  2967 | D:3      | Reached skill level 1 in Summonings
  2967 | D:3      | Reached skill level 1 in Necromancy
  2967 | D:3      | Reached skill level 1 in Transmutations
  2967 | D:3      | Reached skill level 1 in Fire Magic
  2967 | D:3      | Reached skill level 1 in Ice Magic
  2967 | D:3      | Reached skill level 1 in Air Magic
  2967 | D:3      | Reached skill level 1 in Earth Magic
  2967 | D:3      | Reached skill level 1 in Poison Magic
  3126 | D:3      | HP: 1/38 [something (2)]
  3127 | D:3      | Slain by an orc wizard

Illustrated notes

Levels and vault maps discovered:
D:1:      dpeg_arrival_round_c, layout_loops_ring
D:2:      layout_loops_ring, kennysheep_flooded_box, uniq_crazy_yiuf_cottage
D:3:      layout_loops_ring, basic_ecumenical_altar

Skill      XL: |  1  2  3  4 |
---------------+-------------+-----
Spellcasting   | 5 |  5.1
Invocations    | 1 |  1.3
Short Blades   | 1 |  1.2
Long Blades    | 1 |  1.2
Axes           | 1 |  1.2
Maces & Flails | 1 |  1.2
Polearms       | 1 |  1.2
Staves         | 1 |  1.2
Slings         | 1 |  1.2
Bows           | 1 |  1.2
Crossbows      | 1 |  1.2
Stealth        | 1 |  1.2
Shields        | 1 |  1.2
Evocations     | 1 |  1.2
Conjurations   | 1 |  1.0
Hexes          | 1 |  1.0
Summonings     | 1 |  1.0
Necromancy     | 1 |  1.0
Transmutations | 1 |  1.0
Fire Magic     | 1 |  1.0
Ice Magic      | 1 |  1.0
Air Magic      | 1 |  1.0
Earth Magic    | 1 |  1.0
Poison Magic   | 1 |  1.0
Fighting       | |  4.7
Throwing       | |  2.8
Armour         | |  2.8
Dodging        | |  4.7
Unarmed Combat | |  4.7
Translocations | |  5.5

Action                   |  1- 3 |  4- 6 || total
-------------------------+-------+-------++-------
Melee: Unarmed           |    28 |       ||    28
       Punch             |     2 |     4 ||     6
       Short sword       |    79 |    68 ||   147
       Bite              |     6 |     4 ||    10
  Use: Potion            |     2 |     2 ||     4
 Stab: Sleeping          |     2 |       ||     2
Armor: Leather armour    |    27 |    22 ||    49
       Skin              |     1 |       ||     1
Dodge: Dodged            |    51 |    41 ||    92

Table legend: (Time is in decaauts)
 A = Elapsed time spent in this place.
 B = Non-inter-level travel time spent in this place.
 C = Inter-level travel time spent in this place.
 D = Time resting spent in this place.
 E = Time spent auto-exploring this place.
 F = Levels seen in this place.
 G = Mean time per level.
                   A        B        C        D        E       F      G
               +--------+--------+--------+--------+--------+-----+--------+
         Total |   3132 |   3073 |     59 |    295 |   2314 |   3 | 1044.0 |
       Dungeon |   3132 |   3073 |     59 |    295 |   2314 |   3 | 1044.0 |
               +--------+--------+--------+--------+--------+-----+--------+

Top non-repeatable levels by time:
     D:2: 1295 daAuts
     D:1: 1137 daAuts
     D:3: 699 daAuts
